 Dungeon Crawl Stone Soup version 0.26-a0-52-gd53d4cd058 (webtiles) character file.

Game seed: 2345895237793279382

295 Flubbersnuff the Chopper (level 6, -1/51 HPs)
             Began as a Minotaur Fighter on May 10, 2020.
             Slain by Purgy (2 damage)
             ... on level 3 of the Dungeon on June 5, 2020.
             The game lasted 00:12:48 (2118 turns).

Flubbersnuff the Chopper (Minotaur Fighter)         Turns: 2118, Time: 00:12:48

Health: -1/51      AC: 10    Str: 22    XL:     6   Next: 11%
Magic:  5/5        EV:  9    Int:  5    God:
Gold:   76         SH:  7    Dex: 10    Spells: 5/5 levels left

rFire    . . .     SeeInvis .   l - -3 hand crossbow (curse)
rCold    . . .     Gourm    .   h - +2 buckler
rNeg     . . .     Faith    .   b - +0 scale mail
rPois    .         Spirit   .   (helmet restricted)
rElec    .         Reflect  .   (no cloak)
rCorr    .         Harm     .   o - +2 pair of gloves
MR       .....                  (no boots)
Stlth    ..........             (no amulet)
HPRegen  0.17/turn              (no ring)
MPRegen  0.09/turn              (no ring)

@: no status effects
A: retaliatory headbutt, horns 2
a: no special abilities


You were on level 3 of the Dungeon.
You were very hungry.

You visited 1 branch of the dungeon, and saw 3 of its levels.
You also visited: Sewer.

You collected 76 gold pieces.

Inventory:

Hand Weapons
 a - a +0 war axe
 l - a cursed -3 hand crossbow (weapon)
Armour
 b - a +0 scale mail (worn)
 c - a +0 kite shield
 h - a +2 buckler (worn)
 o - a +2 pair of gloves (worn)
Scrolls
 i - a scroll of teleportation
 k - a scroll of identify
Potions
 d - 2 potions of might
 e - a potion of curing
 g - 3 potions of degeneration {unknown}
 j - a potion of stabbing {unknown}
Comestibles
 f - 7 rations


   Skills:
 - Level 3.6 Fighting
 * Level 6.7 Axes
 - Level 3.6 Armour
 + Level 5.3 Shields


You had 5 spell levels left.
You didn't know any spells.
Your spell library was empty.

Dungeon Overview and Level Annotations

Branches:
Dungeon (3/15)              Sewer (visited)

Altars:

Annotations:
D:3 Purgy


Innate Abilities, Weirdness & Mutations

You reflexively headbutt those who attack you in melee.
You have a pair of horns on your head.


Message History

Purgy barely misses you. Purgy claws you.
* * * LOW HITPOINT WARNING * * *
Purgy bites you.
* * * LOW HITPOINT WARNING * * *
You block Purgy's attack. x2
You block Purgy's attack. Purgy claws you but does no damage.
Purgy closely misses you.
There is an open door, spattered with blood here.
Things that are here:
a ball python skeleton; a river rat skeleton Purgy snarls, "Go!
Away!"
A kobold comes into view. It is wielding a +0 short sword.
Purgy looks around nervously.
You see here a rat skeleton.
There is a stone staircase leading up here.
You can't go down here!
Purgy bites you.
* * * LOW HITPOINT WARNING * * *
Purgy claws you.
You die...

..######..K
..#≈≈≈≈#K)##
#.#≈≈≈≈#....
#.#≈.≈≈#....
#.#≈≈≈≈#.# .#### ##
##.#≈≈≈≈#.# ....#..#
##..÷#####[###....#
#.).........##....#
....##.##....÷.T@...#
###
#%.........#.....#
#.####.....####...#
.. #.....# ..# ...
.......# .# #..#
##.####.# # #.. ...
#.. ... #..#


You could see Purgy.

Vanquished Creatures
  Sigmund (D:3)
  Jessica (D:2)
  Terence (D:2)
  2 adders
  A river rat (D:3)
  3 worms
  2 dart slugs
  3 ball pythons (D:3)
  4 giant cockroaches
  7 goblins
  6 hobgoblins
  5 kobolds
  A quokka (D:2)
  2 bats
  6 frilled lizards
  5 rats
50 creatures vanquished.

Notes
Turn   | Place    | Note
-------+----------+-------------------------------------------
     0 | D:1      | Flubbersnuff the Minotaur Fighter began the quest for the
                  | Orb.
     0 | D:1      | Reached XP level 1. HP: 19/19 MP: 0/0
   111 | D:1      | Reached skill level 3 in Axes
   117 | D:1      | Reached XP level 2. HP: 26/26 MP: 1/1
   318 | D:1      | Reached skill level 4 in Axes
   654 | D:1      | Upgraded the game from 0.25-a0-992-gca090100c3 to
                  | 0.26-a0-52-gd53d4cd058
   724 | D:2      | Reached XP level 3. HP: 21/31 MP: 2/2
   834 | D:2      | Noticed Jessica
   860 | D:2      | Killed Jessica
   962 | D:2      | Reached XP level 4. HP: 34/39 MP: 3/3
  1349 | D:2      | Noticed Terence
  1359 | D:2      | Killed Terence
  1359 | D:2      | Reached skill level 5 in Axes
  1452 | D:3      | Found a glowing drain.
  1455 | D:3      | Noticed Sigmund
  1460 | D:3      | Killed Sigmund
  1460 | D:3      | Reached skill level 6 in Axes
  1460 | D:3      | Reached skill level 5 in Shields
  1460 | D:3      | Reached XP level 5. HP: 45/45 MP: 4/4
  1468 | D:3      | Reached XP level 6. HP: 41/51 MP: 5/5
  1548 | Sewer    | Entered a sewer
  2060 | Sewer    | Noticed Purgy
  2105 | D:3      | HP: 2/51 [Purgy (4)]
  2118 | D:3      | HP: 1/51 [Purgy (4)]
  2118 | D:3      | Slain by Purgy

Illustrated notes

Levels and vault maps discovered:
D:1:      dpeg_arrival_round_c, layout_loops_ring
D:2:      layout_loops_ring, uniq_jessica, uniq_terence
D:3:      layout_rooms, lemuel_doored_altar, old_standard_altar,
          portal_sewer_entry_c, first_ration, uniq_sigmund

Skill      XL: |  1  2  3  4 |
---------------+-------------+-----
Axes           | 3 4 6 |  6.7
Shields        | 4 5 |  5.3
Fighting       | |  3.6
Armour         | |  3.6

Action                   |  1- 3 |  4- 6 || total
-------------------------+-------+-------++-------
Melee: War axe           |    56 |    51 ||   107
       Headbutt          |     9 |    25 ||    34
       Hand crossbow     |       |    45 ||    45
  Use: Scroll            |       |     4 ||     4
  Eat: Chunk             |       |     3 ||     3
Armor: Scale mail        |    21 |    80 ||   101
Dodge: Dodged            |    19 |    62 ||    81
Block: Kite shield       |     7 |       ||     7
       Buckler           |    10 |    61 ||    71

Table legend:
 A = Non-vault XP
 B = Vault XP
 C = Vault XP percentage of total XP
 D = Non-vault monster count
 E = Vault monster count
 F = Vault count percentage of total count
                 A         B        C        D         E       F
            +---------+---------+-------+---------+---------+-------
      Total |      84 |     338 |  80.1 |      37 |      13 |  26.0
            +---------+---------+-------+---------+---------+-------
        D:1 |      37 |       0 |   0.0 |      22 |       0 |   0.0
        D:2 |      38 |      73 |  65.8 |      11 |       2 |  15.4
        D:3 |       9 |     257 |  96.6 |       4 |       6 |  60.0
      Sewer |       0 |       8 | 100.0 |       0 |       5 | 100.0
            +---------+---------+-------+---------+---------+-------
